 Dungeon Crawl Stone Soup version 0.27-a0-1140-g099f9bb0e8 (webtiles) character file.

Game seed: 8428379225395410217

343 MisterFreud the Conjurer (level 6, -5/41 HPs)
             Began as a Demonspawn Conjurer on May 9, 2021.
             Slain by a hornet zombie (8 damage)
             ... on level 4 of the Dungeon.
             The game lasted 00:06:32 (4672 turns).

MisterFreud the Conjurer (Demonspawn Conjurer)      Turns: 4672, Time: 00:06:32

Health: -5/41      AC:  2    Str:  8    XL:     6   Next: 31%
Magic:  0/9        EV: 12    Int: 21    God:
Gold:   132        SH:  0    Dex: 11    Spells: 4/9 levels left

rFire    . . .     SeeInvis .   k - +0 dagger (freeze)
rCold    . . .     Faith    .   (no shield)
rNeg     . . .     Spirit   .   a - +0 robe
rPois    .         Reflect  .   (no helmet)
rElec    .         Harm     .   (no cloak)
rCorr    .         Rampage  .   (no gloves)
Will     .....                  (no boots)
Stlth    ++........             (no amulet)
HPRegen  0.13/turn              (no ring)
MPRegen  0.11/turn              (no ring)

@: very slightly contaminated
A: spiny 2
a: no special abilities


You were on level 4 of the Dungeon.
You visited 1 branch of the dungeon, and saw 4 of its levels.

You collected 132 gold pieces.

Inventory:

Hand Weapons
 c - a +0 club
 k - a +0 dagger of freezing (weapon)
Armour
 a - a +0 robe (worn)
Scrolls
 d - a scroll of summoning {unknown}
 e - a scroll of enchant armour {unknown}
 f - a scroll of fear {unknown}
 h - 3 scrolls of teleportation {unknown}
 i - 4 scrolls of identify
 j - 2 scrolls of amnesia {unknown}
 l - 3 scrolls of magic mapping {unknown}
 m - a scroll of blinking {unknown}
Potions
 b - a potion of curing
 g - a potion of ambrosia


   Skills:
 - Level 1.7 Dodging
 - Level 1.7 Stealth
 - Level 2.0 Spellcasting
 - Level 6.0 Conjurations
 + Level 4.5 Hexes


You had 4 spell levels left.
You knew the following spells:

 Your Spells              Type           Power      Damage    Failure   Level
a - Magic Dart            Conj           100%       1d8       1%          1
b - Fulminant Prism       Conj/Hex       12%        3d9       17%         4

Your spell library contained the following spells:

 Spells                   Type           Power      Damage    Failure   Level
 Searing Ray              Conj           54%        3d5       1%          2
 Dazzling Flash           Conj/Hex       48%        N/A       4%          3
 Confusing Touch          Hex            21%        N/A       7%          3
 Iskenderun's Mystic Bla  Conj/Tloc      14%        2d5       38%         4
 Gell's Gravitas          Tloc           1%         N/A       41%         3
 Petrify                  Tmut/Erth      2%         N/A       82%         4
 Metabolic Englaciation   Hex/Ice        5%         N/A       85%         5
 Yara's Violent Unravell  Hex/Tmut       5%         3d4       85%         5


Dungeon Overview and Level Annotations

Branches:
Dungeon (4/15)
 Temple: D:4-7

Altars:
Makhleb


Innate Abilities, Weirdness & Mutations

You are mostly covered in sharp spines.


Message History

You hit the hornet zombie.
The hornet zombie is moderately damaged.
The hornet zombie hits you. The hornet zombie barely misses you.
You hit the hornet zombie but do no damage.
The hornet zombie is moderately damaged.
The hornet zombie is struck by your spines.
The hornet zombie misses you.
You hit the hornet zombie but do no damage.
The hornet zombie is heavily damaged.
You closely miss the goblin. You hit the goblin. You freeze the goblin.
The goblin is severely wounded.
The goblin is struck by your spines.
You kill the goblin!
Casting: Fulminant Prism (quite dangerous; 17% risk of failure)
Confirm with . or Enter, or press ? or * to list all spells.
Aiming: Magic Dart (safe; 1% risk of failure)
Press: ? - help, Shift-Dir - straight line, f - hornet zombie
Aim: a hornet zombie (heavily damaged, 100% to hit)
The magic dart hits the hornet zombie.
The hornet zombie is heavily damaged.
The hornet zombie is struck by your spines.
The hornet zombie hits you!
* * * LOW HITPOINT WARNING * * *
You closely miss the hornet zombie.
The hornet zombie is heavily damaged.
The hornet zombie is struck by your spines.
The hornet zombie hits you!
* * * LOW HITPOINT WARNING * * *
The hornet zombie barely misses you.
Unknown command.
Casting: Magic Dart (safe; 1% risk of failure)
Confirm with . or Enter, or press ? or * to list all spells.
Aiming: Magic Dart (safe; 1% risk of failure)
Press: ? - help, Shift-Dir - straight line, f/p - hornet zombie
Aim: a hornet zombie (heavily damaged, 100% to hit)
The magic dart hits the hornet zombie.
The hornet zombie is severely damaged.
The hornet zombie hits you!
You die...

#.##..........#
#.##..........#
#####.##..........# ##
#......#..........# ##..
#.......#........## .....
#....[#...........#
......#.....##..........#
...[..[.....##..........#
......#.....Z@........^.####
.....
#.(...##.............###
.###
#(....##.........###...#
#.....# .#......######.#
#.....# .....##....# #..
####### ###......#†####.
#....###....#..# ..####
##.#....# #.#....#


You could see a hornet zombie.

Vanquished Creatures
  An ogre (D:3)
  A bullfrog skeleton (D:4)
  A jelly (D:4)
  2 hound skeletons (D:4)
  4 gnolls (D:3)
  4 adders
  A shadow imp (D:2)
  An adder skeleton (D:4)
  2 worms (D:2)
  2 orcs
  9 ball pythons
  10 endoplasms
  A giant cockroach (D:2)
  8 goblins
  7 hobgoblins
  7 jackals
  8 kobolds
  2 quokkas (D:3)
  6 bats
  5 frilled lizards
  7 rats
89 creatures vanquished.

Vanquished Creatures (others)
  2 fulminant prisms (D:3)
2 creatures vanquished.

Grand Total: 91 creatures vanquished

Notes
Turn   | Place    | Note
-------+----------+-------------------------------------------
     0 | D:1      | MisterFreud the Demonspawn Conjurer began the quest for the
                  | Orb.
     0 | D:1      | Reached XP level 1. HP: 13/13 MP: 3/3
   515 | D:1      | Gained mutation: You are partially covered in sharp spines.
                  | [demonic ancestry]
   515 | D:1      | Reached XP level 2. HP: 19/19 MP: 1/5
  1098 | D:1      | Found a faded altar of an unknown god.
  1251 | D:2      | Reached skill level 5 in Conjurations
  1311 | D:2      | Reached XP level 3. HP: 4/24 MP: 0/6
  1712 | D:2      | Found a burning altar of Makhleb.
  2798 | D:3      | Reached XP level 4. HP: 30/30 MP: 1/7
  2945 | D:3      | Learned a level 4 spell: Fulminant Prism
  3535 | D:3      | Noticed an ogre
  3549 | D:3      | Killed an ogre
  3550 | D:3      | Reached skill level 6 in Conjurations
  3550 | D:3      | Gained mutation: You are mostly covered in sharp spines.
                  | [demonic ancestry]
  3550 | D:3      | Reached XP level 5. HP: 35/35 MP: 3/8
  4333 | D:4      | Reached XP level 6. HP: 41/41 MP: 9/9
  4672 | D:4      | Slain by a hornet zombie

Illustrated notes

Levels and vault maps discovered:
D:1:      minmay_arrival_checkered_box, layout_basic,
          hellmonk_ecumenical_altar_crossroads
D:2:      layout_basic, basic_altar
D:3:      minmay_bubble_buster, layout_basic
D:4:      layout_rooms, serial_shops, kennysheep_mini_moat,
          nicolae_shop_waterfront

Skill      XL: |  1  2  3  4  5  6 |
---------------+-------------------+-----
Conjurations   | 5 6 |  6.0
Hexes          | 2 3 4 |  4.5
Dodging        | |  1.7
Stealth        | |  1.7
Spellcasting   | |  2.0

Action                   |  1- 3 |  4- 6 || total
-------------------------+-------+-------++-------
Melee: Club              |    15 |       ||    15
       Dagger            |       |    57 ||    57
 Cast: Magic Dart        |    80 |    70 ||   150
       Fulminant Prism   |       |     2 ||     2
  Use: Scroll            |       |     2 ||     2
 Stab: Distracted        |       |     1 ||     1
Armor: Robe              |     2 |     1 ||     3
Dodge: Dodged            |    10 |    34 ||    44

Table legend: (Time is in decaauts)
 A = Elapsed time spent in this place.
 B = Non-inter-level travel time spent in this place.
 C = Inter-level travel time spent in this place.
 D = Time resting spent in this place.
 E = Time spent auto-exploring this place.
 F = Levels seen in this place.
 G = Mean time per level.
                   A        B        C        D        E       F      G
               +--------+--------+--------+--------+--------+-----+--------+
         Total |   4674 |   4625 |     49 |   1075 |   3127 |   4 | 1168.5 |
       Dungeon |   4674 |   4625 |     49 |   1075 |   3127 |   4 | 1168.5 |
               +--------+--------+--------+--------+--------+-----+--------+

Top non-repeatable levels by time:
     D:2: 1554 daAuts
     D:3: 1442 daAuts
     D:1: 1187 daAuts
     D:4: 489 daAuts
